 Dungeon Crawl Stone Soup version 0.29-a0-962-gc8bbfd0a37 (webtiles) character file.

Game seed: 13767888763650875555

588 mcwallace the Conjurer (level 7, -3/40 HPs)
             Began as a Tengu Fire Elementalist on July 31, 2022.
             Slain by an iguana (13 damage)
             ... on level 5 of the Dungeon.
             The game lasted 00:11:05 (5156 turns).

mcwallace the Conjurer (Tengu Fire Elementalist)    Turns: 5156, Time: 00:11:06

Health: -3/40      AC:  5    Str:  8    XL:     7   Next: 38%
Magic:  13/13      EV: 16    Int: 18    God:
Gold:   216        SH:  0    Dex: 20    Spells: 10/13 levels left

rFire   . . .      SeeInvis .   N - +2 flail (holy) {mace}
rCold   + . .      Faith    .   (no shield)
rNeg    . . .      Spirit   .   Q - +2 leather armour {rC+}
rPois   +          Reflect  .   (helmet restricted)
rElec   .          Harm     .   (no cloak)
rCorr   .          Rampage  .   (no gloves)
Will    .....                   (boots unavailable)
Stlth   ++........              (no amulet)
HPRegen 0.13/turn               C - +6 ring of dexterity
MPRegen 0.13/turn               q - ring of poison resistance

@: flying quickly and evasively, quick
A: beak, talons 3, nimble flight
a: no special abilities


You were on level 5 of the Dungeon.
You visited 1 branch of the dungeon, and saw 5 of its levels.

You collected 216 gold pieces.


Innate Abilities, Weirdness & Mutations

You have a beak for a mouth.
You have claws for feet.
Your magical nature lets you fly swiftly and evasively.


   Skills:
 + Level 2.9 Fighting
 + Level 2.4 Armour
 + Level 4.1 Dodging
 - Level 2.0 Stealth
 + Level 3.5 Spellcasting
 + Level 4.3 Conjurations
 + Level 2.3 Necromancy
 - Level 3.9 Fire Magic


You had 10 spell levels left.
You knew the following spells:

 Your Spells              Type           Power      Damage    Failure   Level
a - Foxfire               Conj/Fire      72%        2x1d7     4%          1
b - Scorch                Fire           34%        2d7       6%          2

Your spell library contained the following spells:

 Spells                   Type           Power      Damage    Failure   Level
 Necrotise                Necr           44%        1d6       9%          1
 Conjure Flame            Conj/Fire      18%        6-21      12%         3
 Apportation              Tloc           6%         N/A       22%         1
 Summon Small Mammal      Summ           12%        N/A       22%         1
 Inner Flame              Hex/Fire       10%        N/A       28%         3
 Flame Wave               Conj/Fire      18%        2d7       36%         4
 Portal Projectile        Hex/Tloc       6%         N/A       54%         3
 Tukima's Dance           Hex            3%         N/A       54%         3
 Blade Hands              Tmut           1%         N/A       99%         5

Inventory:

Hand Weapons
 c - a +0 dagger {short}
   (You found it on level 1 of the Dungeon)
 g - a +0 short sword {short}
   (You took it off a kobold on level 1 of the Dungeon)
 t - a +0 great sword {long}
   (You found it on level 2 of the Dungeon)
 x - a +3 whip {mace}
   (You took it off a kobold on level 3 of the Dungeon)
 N - a +2 flail of holy wrath (weapon) {mace}
   (You took it off an orc on level 4 of the Dungeon)
 P - a +3 trident of venom {polearm}
   (You took it off an orc on level 4 of the Dungeon)
 S - a +0 flail {mace}
   (You took it off an orc on level 4 of the Dungeon)
Missiles
 e - 28 stones {throwing}
 u - 2 poisoned darts {throwing}
 T - a boomerang {throwing}
Armour
 a - a +0 robe
 m - a +0 chain mail
   (You found it on level 1 of the Dungeon)
 r - a +0 ring mail
   (You found it on level 2 of the Dungeon)
 s - a +0 robe
   (You found it on level 2 of the Dungeon)
 A - a +0 leather armour
   (You took it off an orc on level 3 of the Dungeon)
 B - a +0 robe
   (You found it on level 3 of the Dungeon)
 D - a +0 robe
   (You found it on level 3 of the Dungeon)
 F - a +2 ring mail of poison resistance
   (You found it on level 4 of the Dungeon)
 G - a +0 ring mail
   (You took it off an orc on level 4 of the Dungeon)
 H - a +0 robe
   (You took it off an orc wizard on level 4 of the Dungeon)
 I - a +0 chain mail
   (You took it off an orc on level 4 of the Dungeon)
 J - a +0 leather armour
   (You took it off a kobold on level 4 of the Dungeon)
 K - a +0 ring mail
   (You took it off an orc on level 4 of the Dungeon)
 O - a +0 leather armour
   (You took it off an orc on level 4 of the Dungeon)
 Q - a +2 leather armour of cold resistance (worn)
   (You took it off an orc on level 4 of the Dungeon)
 R - a +0 leather armour
   (You took it off an orc on level 4 of the Dungeon)
Jewellery
 n - a ring of positive energy
   (You found it on level 1 of the Dungeon)
 q - a ring of poison resistance (right hand)
   (You found it on level 2 of the Dungeon)
 C - a +6 ring of dexterity (left hand)
   (You found it on level 3 of the Dungeon)
Scrolls
 i - a scroll of vulnerability {unknown}
 l - 5 scrolls of identify {unknown}
 o - 2 scrolls of teleportation {unknown}
 p - a scroll of magic mapping {unknown}
 w - a scroll of brand weapon {unknown}
 y - a scroll of enchant weapon {unknown}
 z - a scroll of noise {unknown}
 L - a scroll of fear {unknown}
Potions
 b - a potion of magic
 d - a potion of ambrosia {unknown}
 f - a potion of lignification {unknown}
 h - 2 potions of heal wounds {unknown}
 j - a potion of attraction {unknown}
 k - a potion of haste {unknown}
 v - 3 potions of brilliance {unknown}
 E - a potion of might {unknown}
 M - a potion of curing {unknown}

Dungeon Overview and Level Annotations

Branches:
Dungeon (5/15) Zot: 24928
 Temple: D:4-7

Altars:

Shops:
D:3

: . .... .#####....
###+###.........
#.....#.........
#.....'....8P...
#...).#...P.....
#....@#....P....
.......l.#.<..P....
#####....#.....#+##
#.....#.....#
#.....#.....#
#.....#.....#
#.....#.l...#
##..###.....#
......#


You could see an iguana.


Message History

You regained 3 hp, and now have 32/40 hp.
There is an open door here.
There is an open door here. 😕 HP[+1]
There is an open door here.
There is an open door here.
There is an open door here.
There is an open door here. 😕 HP[+3]
You regained 3 hp, and now have 36/40 hp. 😕 HP[+1]
There is a stone staircase leading down here. 😕 HP[+1]
You start resting. 😎 HP[+2]
Your hp is fully restored (40).
You fly downwards.
There is a stone staircase leading up here.
The helpless orc fails to defend itself.
You hit the orc.
You kill the orc!
T - a boomerang {throwing}
Things that are here:
a +0 short sword of flaming {short}; an orc corpse You reach down and open the door.
An iguana is nearby!
Casting: Foxfire (safe; 4% risk of failure)
Press: ? - help, Q - select action, (/) - cycle Dir - look around, f - activate You conjure some foxfire! 😎 MP[-1]
You lost 1 mp, and now have 12/13 mp.
You reach to attack!
You hit the iguana.
The iguana is poisoned.
The foxfire hits the iguana but does no damage.
The foxfire hits the iguana.
The iguana bites you! 😮 HP[-12]
You take 12 damage, and now have 28/40 hp.
MASSIVE DAMAGE!! (PAUSE)
The iguana bites you!
* * * LOW HITPOINT WARNING * * *
😨 HP[-10]
You take 10 damage, and now have 18/40 hp.
MASSIVE DAMAGE!! (PAUSE)
There is a stone staircase leading up here.
You fly upwards.
There is a stone staircase leading down here.
You start resting. 😨 HP[+1] MP[+1]
Your mp is fully restored (13).
You start resting. 😎 HP[+21]
Your hp is fully restored (40).
Your +3 trident of venom {polearm} stops dripping with poison.
Your +2 flail of holy wrath {mace} softly glows with a divine radiance!
N - a +2 flail of holy wrath (weapon)
{mace} You fly downwards.
The iguana bites you! The iguana misses you.
There is a stone staircase leading up, spattered with blood here. 😮 HP[-10]
You take 10 damage, and now have 30/40 hp.
MASSIVE DAMAGE!! (PAUSE)
You hit the water moccasin zombie.
The water moccasin zombie convulses.
The iguana closely misses you. The water moccasin zombie misses you.
You hit the water moccasin zombie.
The water moccasin zombie convulses.
The water moccasin zombie bites you. The iguana closely misses you.
The water moccasin zombie completely misses you.
The iguana barely misses you. 😮 HP[-4]
You take 4 damage, and now have 26/40 hp.
You hit the water moccasin zombie.
The water moccasin zombie convulses.
Your kick misses the water moccasin zombie.
The water moccasin zombie closely misses you.
The iguana misses you.
The water moccasin zombie barely misses you.
You barely miss the water moccasin zombie.
The iguana bites you. The water moccasin zombie misses you.
The iguana misses you. 😮 HP[-2]
You take 2 damage, and now have 24/40 hp.
You closely miss the water moccasin zombie.
Your kick misses the water moccasin zombie.
The water moccasin zombie bites you.
The water moccasin zombie closely misses you.
The iguana bites you but does no damage. 😮 HP[-2]
You take 2 damage, and now have 22/40 hp.
You hit the water moccasin zombie.
The water moccasin zombie convulses.
The water moccasin zombie bites you. The iguana misses you.
The water moccasin zombie barely misses you. 😮 HP[-1]
You take 1 damage, and now have 21/40 hp.
You hit the water moccasin zombie.
You destroy the water moccasin zombie!
The iguana bites you!
* * * LOW HITPOINT WARNING * * *
The iguana barely misses you. 😱 HP[-11]
You take 11 damage, and now have 10/40 hp.
MASSIVE DAMAGE!! (PAUSE)
You can't go down here!
The iguana bites you!
You die...

Skill      XL: |  1  2  3  4  5  6  7 |
---------------+----------------------+-----
Fighting       | 1 2 |  2.9
Conjurations   | 2 3 4 |  4.3
Dodging        | 3 4 |  4.1
Necromancy     | 1 2 |  2.3
Armour         | 1 2 |  2.4
Spellcasting   | 3 |  3.5
Stealth        | |  2.0
Fire Magic     | |  3.9

Action                   |  1- 3 |  4- 6 |  7- 9 || total
-------------------------+-------+-------+-------++-------
Melee: Dagger            |     5 |       |       ||     5
       Short sword       |     4 |       |       ||     4
       Kick              |     4 |     9 |       ||    13
       Peck              |     2 |     8 |       ||    10
       Great sword       |    11 |       |       ||    11
       Whip              |       |    30 |     4 ||    34
       Flail             |       |       |     7 ||     7
       Trident           |       |       |     3 ||     3
 Cast: Foxfire           |    53 |    87 |    21 ||   161
       Scorch            |       |     7 |    11 ||    18
 Stab: Sleeping          |     1 |     1 |     3 ||     5
Armor: Robe              |     2 |     3 |       ||     5
       Leather armour    |       |       |     2 ||     2
Dodge: Dodged            |    20 |    24 |    23 ||    67

Levels and vault maps discovered:
D:1:      erik_arrival_blinker_ship, layout_rooms, nrook_campfire
D:2:      layout_loops_ring, hangedman_abyss_or_decor_lesser_grid
D:3:      layout_loops_cross, serial_shops, nicolae_shop_behind_doors,
          ebering_ecumenical_altar_petrified
D:4:      layout_loops_ring, nicolae_hexahallways, kennysheep_generic_room_9
D:5:      layout_gridville, serial_undead, serial_undead_e, serial_undead_b,
          serial_undead_f, serial_undead_e, gammafunk_ghost_grave

Notes
Turn   | Place    | Note
-------+----------+-------------------------------------------
     0 | D:1      | mcwallace the Tengu Fire Elementalist began the quest for
                  | the Orb.
     0 | D:1      | Reached XP level 1. HP: 10/10 MP: 4/4
     0 | D:1      | magus.rc [v1.9.6]
    26 | D:1      | HP: 2/10 [kobold/+0 club (2)]
    49 | D:1      | HP: 1/10 [ball python (2)]
   671 | D:1      | Reached XP level 2. HP: 16/16 MP: 4/6
  1200 | D:2      | You pick up a book of Cantrips and begin reading...
  1200 | D:2      | You add the spells Necrotise, Summon Small Mammal and
                  | Apportation to your library.
  1272 | D:2      | Reached skill level 1 in Fighting
  1272 | D:2      | Reached skill level 2 in Conjurations
  1272 | D:2      | Reached XP level 3. HP: 20/20 MP: 2/7
  1750 | D:2      | You pick up a book of Weapons and begin reading...
  1750 | D:2      | You add the spells Tukima's Dance, Portal Projectile and
                  | Blade Hands to your library.
  2185 | D:3      | Reached XP level 4. HP: 25/25 MP: 5/8
  2652 | D:3      | Reached skill level 3 in Dodging
  2715 | D:3      | Found a faded altar of an unknown god.
  2830 | D:3      | Found Nabafus's Book Shop.
  3009 | D:3      | Learned a level 2 spell: Scorch
  3137 | D:4      | Noticed a phantom
  3143 | D:4      | Killed a phantom
  3144 | D:4      | Reached skill level 2 in Fighting
  3144 | D:4      | Reached skill level 3 in Conjurations
  3144 | D:4      | Gained mutation: Your magical nature lets you fly swiftly
                  | and evasively. [Tengu growth]
  3144 | D:4      | Reached XP level 5. HP: 25/30 MP: 0/10
  3243 | D:4      | Reached skill level 1 in Necromancy
  3326 | D:4      | Reached skill level 1 in Armour
  3375 | D:4      | Noticed a phantom
  3396 | D:4      | Reached XP level 6. HP: 35/35 MP: 0/11
  3403 | D:4      | Reached skill level 3 in Spellcasting
  3902 | D:4      | Reached skill level 2 in Armour
  3902 | D:4      | Reached skill level 4 in Conjurations
  3902 | D:4      | Reached skill level 2 in Necromancy
  3902 | D:4      | Reached XP level 7. HP: 39/40 MP: 2/12
  3998 | D:4      | Reached skill level 4 in Dodging
  4800 | D:5      | Entered Level 5 of the Dungeon
  5155 | D:5      | HP: 10/40 [iguana (11)]
  5156 | D:5      | Slain by an iguana

Vanquished Creatures
  An ogre (D:4)
  2 phantoms (D:4)
  A water moccasin zombie (D:5)
  An orc priest (D:4)
  A hound (D:4)
  An iguana (D:4)
  An orc wizard (D:4)
  10 adders
  4 worms
  2 dart slugs
  13 orcs
  3 endoplasms
  3 hobgoblins
  7 quokkas
  6 ball pythons
  4 bats
  2 frilled lizards
  4 goblins
  12 kobolds
  4 rats
82 creatures vanquished.

Vanquished Creatures (others)
  255 foxfires
255 creatures vanquished.

Grand Total: 337 creatures vanquished

Table legend:
 A = Non-vault XP
 B = Vault XP
 C = Vault XP percentage of total XP
 D = Non-vault monster count
 E = Vault monster count
 F = Vault count percentage of total count
                 A         B        C        D         E       F
            +---------+---------+-------+---------+---------+-------
      Total |     760 |      81 |   9.6 |      81 |       1 |   1.2
            +---------+---------+-------+---------+---------+-------
        D:1 |      22 |       0 |   0.0 |      16 |       0 |   0.0
        D:2 |      36 |       0 |   0.0 |      12 |       0 |   0.0
        D:3 |     101 |       0 |   0.0 |      19 |       0 |   0.0
        D:4 |     598 |       0 |   0.0 |      33 |       0 |   0.0
        D:5 |       3 |      81 |  96.4 |       1 |       1 |  50.0
            +---------+---------+-------+---------+---------+-------

Illustrated notes

Table legend:
 A = Kills in this place as a percentage of kills in entire the game.
 B = Kills by you in this place as a percentage of kills by you in the entire game.
 C = Kills by friends in this place as a percentage of kills by friends in the entire game.
 D = Other kills in this place as a percentage of other kills in the entire game.
 E = Experience gained in this place as a percentage of experience gained in the entire game.
 F = Experience gained in this place divided by the number of levels of this place that you have seen.
                   A       B       C       D       E      F
               +-------+-------+-------+-------+-------+----------------------
         Total | 100.0 | 100.0 |   N/A |   N/A | 100.0 | 168.2
       Dungeon | 100.0 | 100.0 |   N/A |   N/A | 100.0 | 168.2
               +-------+-------+-------+-------+-------+----------------------

Table legend: (Time is in decaauts)
 A = Elapsed time spent in this place.
 B = Non-inter-level travel time spent in this place.
 C = Inter-level travel time spent in this place.
 D = Time resting spent in this place.
 E = Time spent auto-exploring this place.
 F = Levels seen in this place.
 G = Mean time per level.
                   A        B        C        D        E       F      G
               +--------+--------+--------+--------+--------+-----+--------+
         Total |   5070 |   4898 |    172 |    235 |   4032 |   5 | 1014.0 |
       Dungeon |   5070 |   4898 |    172 |    235 |   4032 |   5 | 1014.0 |
               +--------+--------+--------+--------+--------+-----+--------+

Top non-repeatable levels by time:
     D:4: 1964 daAuts
     D:1: 1125 daAuts
     D:3: 1111 daAuts
     D:2: 841 daAuts
     D:5: 27 daAuts
